 Dungeon Crawl Stone Soup version 0.19-a0-1720-gc855d72 (webtiles) character file.

59 JeffiDaFish the Sneak (level 3, -1/16 HPs)
             Began as a Spriggan Enchanter on Sept 29, 2016.
             Slain by Robin
             ... wielding a +0 dagger
              (2 damage)
             ... on level 2 of the Dungeon.
             The game lasted 00:08:59 (2248 turns).

JeffiDaFish the Sneak (Spriggan Enchanter)          Turns: 2248, Time: 00:09:00

Health: -1/16      AC:  5    Str:  4    XL:     3   Next: 78%
Magic:  2/8        EV: 19    Int: 17    God:
Gold:   77         SH:  0    Dex: 16    Spells: 2 memorised, 5 levels left

rFire  . . .     SeeInvis +     a - +1 dagger
rCold  . . .     Gourm    .     b - +2 robe
rNeg   . . .     Faith    .     (shield restricted)
rPois  .         Spirit   .     (helmet restricted)
rElec  .         Dismiss  .     (no cloak)
rCorr  .         Reflect  .     (gloves unavailable)
MR     .....     Harm     .     (boots unavailable)
Stlth  ++++......               (no amulet)
                                (no ring)
                                (no ring)

@: very quick
A: unfitting armour, see invisible, herbivore 3, speed 3, slow metabolism 2
a: no special abilities


You were on level 2 of the Dungeon.
You were not hungry.

You visited 1 branch of the dungeon, and saw 2 of its levels.

You collected 77 gold pieces.

Inventory:

Hand Weapons
 a - a +1 dagger (weapon)
Armour
 b - a +2 robe (worn)
Scrolls
 e - 2 scrolls of teleportation
 f - a scroll of amnesia
 g - a scroll of identify
Potions
 h - a potion of berserk rage {unknown}
Books
 c - a book of Maledictions

   Spells                             Type                      Level
   a - Corona                         Hexes                        1
   b - Ensorcelled Hibernation        Hexes/Ice                    2
   c - Confuse                        Hexes                        3
   d - Tukima's Dance                 Hexes                        3
   e - Dazzling Spray                 Conjuration/Hexes            3
Comestibles
 d - 3 bread rations


   Skills:
 + Level 0.2 Fighting
 + Level 1.9 Short Blades
 + Level 3.4 Dodging
 + Level 5.6 Stealth
 + Level 3.2 Spellcasting
 + Level 3.9 Hexes
 + Level 0.1 Ice Magic


You had 5 spell levels left.
You knew the following spells:

 Your Spells              Type           Power        Failure   Level  Hunger
a - Corona                Hex            ###....      3%          1    None
b - Ensorcelled Hibernat  Hex/Ice        #.....       14%         2    ##.....


Dungeon Overview and Level Annotations

Branches:
Dungeon (2/15)

Altars:
Trog

Annotations:
D:2 Robin


Innate Abilities, Weirdness & Mutations

You are very small and have problems with some larger weapons.
You are too small for most types of armour.
You have supernaturally acute eyesight. (SInv)
You are a herbivore.
You cover ground extremely quickly.
You need consume almost no food.


Message History

Aim: Robin, wielding a dagger, wearing a dyed animal skin and wearing a helmet (chance to defeat MR: 50%) Robin resists with some effort.
The goblin barely misses you. The goblin closely misses you.
Robin closely misses you.
Casting: Ensorcelled Hibernation
Confirm with . or Enter, or press ? or * to list all spells.
Aiming: Ensorcelled Hibernation
Press: ? - help, Shift-Dir - straight line, f/p - Robin
Aim: Robin, wielding a dagger, wearing a dyed animal skin and wearing a helmet (chance to defeat MR: 50%) Robin resists with some effort.
The goblin closely misses you. The goblin misses you. Robin misses you.
Casting: Ensorcelled Hibernation
Confirm with . or Enter, or press ? or * to list all spells.
Aiming: Ensorcelled Hibernation
Press: ? - help, Shift-Dir - straight line, f/p - Robin
Aim: Robin, wielding a dagger, wearing a dyed animal skin and wearing a helmet (chance to defeat MR: 50%) Robin resists with some effort.
The goblin no longer looks unusually strong.
The goblin closely misses you. The goblin misses you.
Robin hits you with a dagger.
You die...

.#####...........#...#######
.........>..............)..#
##.###.#..#.#...##...#####.#
###.##.#........##......##.#
##.##.......#.......###.##.#
#.###..#............###.##.#
.## #..#.####.#<..####...#.#
## #.>#.# #.##g####.###..## #
#..#.## #.##@# #.## ##..#
#.....###..gg# #.# #..#
#...#........# #.## ##..#
##.#...######.####.###.#.#
#..##.####............##.#####
#.###.#...[......g...###......
#.#...#.#####.####g..# #######
#.#.###.# #.....g..# #
#.......# #.#####..# #


You could see Robin and 2 goblins.

Vanquished Creatures
  An ooze (D:2)
  2 worms (D:2)
  A dart slug (D:2)
  A leopard gecko (D:1)
  7 goblins
  4 hobgoblins (D:2)
  A quokka (D:2)
  9 bats
  2 frilled lizards (D:1)
  6 kobolds
  14 rats
48 creatures vanquished.

Notes
Turn   | Place    | Note
-------+----------+-------------------------------------------
     0 | D:1      | JeffiDaFish the Spriggan Enchanter began the quest for the Orb.
     0 | D:1      | Reached XP level 1. HP: 9/9 MP: 5/5
     4 | D:1      | Noticed a troll
     4 | D:1      | Noticed a demonspawn
     6 | D:1      | Noticed an ogre
     6 | D:1      | Noticed a human
     8 | D:1      | Noticed a vampire
    10 | D:1      | Noticed a dwarf
    10 | D:1      | Noticed a gargoyle
    12 | D:1      | Noticed a minotaur
    12 | D:1      | Noticed a spriggan
    30 | D:1      | Noticed a draconian
    32 | D:1      | Noticed a formicid
    32 | D:1      | Noticed a tengu
    34 | D:1      | Noticed a felid
    34 | D:1      | Noticed a ghoul
    36 | D:1      | Noticed an octopode
    36 | D:1      | Noticed a centaur
    38 | D:1      | Noticed a halfling
    38 | D:1      | Noticed a demigod
    40 | D:1      | Noticed a naga
    40 | D:1      | Noticed an elf
    42 | D:1      | Noticed a merfolk
    44 | D:1      | Noticed a vine stalker
   502 | D:1      | Reached XP level 2. HP: 11/13 MP: 7/7
   516 | D:1      | Learned a level 2 spell: Ensorcelled Hibernation
  1034 | D:1      | Reached skill level 5 in Stealth
  1379 | D:2      | Reached XP level 3. HP: 16/16 MP: 8/8
  1747 | D:2      | Noticed a moth of wrath
  1750 | D:2      | Found a bloodstained altar of Trog.
  2136 | D:2      | Noticed Robin
  2248 | D:2      | Slain by Robin

Vault maps used:
D:1:      kb_arrival_jail, minivault_26
D:2:      kennysheep_slug_shrine, old_standard_altar, tgw_trog, uniq_robin

Skill      XL: |  1  2 |
---------------+-------+-----
Spellcasting   | 3 |  3.2
Stealth        | 5 |  5.6
Fighting       | |  0.2
Short Blades   | |  1.9
Dodging        | |  3.4
Hexes          | |  3.9
Ice Magic      | |  0.1

Action                   || total
-------------------------++-------
Melee: Dagger            ||   155
 Cast: Ensorcelled Hiber ||    10
       Corona            ||     2
  Use: Scroll            ||     7
       Potion            ||     4
 Stab: Sleeping          ||    15
Armor: Robe              ||    32
Dodge: Dodged            ||   162
